 Dungeon Crawl Stone Soup version 0.28.0-62-gf88900778d (webtiles) character file.

Game seed: 16566229420842337374

49 cbfl8 the Skirmisher (level 3, -1/36 HPs)
             Began as a Gargoyle Berserker on Aug 14, 2023.
             Was a Follower of Trog.
             Splashed by a jelly's acid (6 damage)
             ... on level 2 of the Dungeon.
             The game lasted 00:00:56 (1221 turns).

cbfl8 the Skirmisher (Gargoyle Berserker)           Turns: 1221, Time: 00:00:57

Health: -1/36      AC:  5    Str: 20    XL:     3   Next: 75%
Magic:  3/3        EV: 10    Int:  7    God:    Trog [*.....]
Gold:   46         SH:  0    Dex: 11    Spells: 2/2 levels left

rFire   . . .      SeeInvis .   a - +0 mace
rCold   . . .      Faith    .   (no shield)
rNeg    + . .      Spirit   .   d - +0 scale mail
rPois   ∞          Reflect  .   (no helmet)
rElec   +          Harm     .   (no cloak)
rCorr   .          Rampage  .   (no gloves)
Will    .....                   (no boots)
Stlth   ..........              (no amulet)
HPRegen 0.12/turn               (no ring)
MPRegen 0.08/turn               (no ring)

@: berserking, corroded, very quick
A: sickness immunity, AC +3, negative energy resistance 1, electricity
resistance, torment resistance 1, petrification resistance
a: Renounce Religion, Berserk


You were on level 2 of the Dungeon.
You worshipped Trog.
Trog was aware of your devotion.
You visited 1 branch of the dungeon, and saw 2 of its levels.

You collected 46 gold pieces.

Inventory:

Hand Weapons
 a - a +0 mace (weapon)
Armour
 d - a +0 scale mail (worn)
Scrolls
 b - 2 scrolls of teleportation {unknown}
 e - 2 scrolls of magic mapping {unknown}
 f - a scroll of noise {unknown}
 g - a scroll of vulnerability {unknown}
 h - a scroll of enchant armour {unknown}
Potions
 c - 2 potions of curing {unknown}


   Skills:
 + Level 4.0 Fighting
 + Level 3.7 Maces & Flails
 + Level 2.4 Armour
 - Level 1.5 Dodging
 * Level 0.7 Evocations


You had 2 spell levels left.
You didn't know any spells.
Your spell library was empty.

Dungeon Overview and Level Annotations

Branches:
Dungeon (2/15)

Altars:


Innate Abilities, Weirdness & Mutations

You are immune to sickness and miasma.
Your stone body is resilient. (AC +3)
You are immune to poison.
You resist negative energy. (rN+)
You are resistant to electric shocks. (rElec)
You are resistant to unholy torment.
You are immune to petrification.


Message History

Trog accepts your kill. The kobold completely misses you.
The kobold hits you with a +3 short sword.
Unknown command.
You barely miss the kobold. Your punch misses the kobold.
The kobold hits you with a +3 short sword.
Unknown command.
You closely miss the kobold. The kobold barely misses you.
Unknown command.
You hit the kobold.
You kill the kobold!
Trog accepts your kill.
Unknown command.
No target in view!
No target in view!
No target in view!
A jelly comes into view.
A jelly is nearby!
The jelly quivers.
Things that are here:
a +3 short sword; 7 gold pieces; a kobold corpse A jelly is nearby!
Found a stone staircase leading down.
A jelly is nearby!
You barely miss the jelly. The jelly hits you.
You are splashed with acid!
A jelly is nearby!
You are too injured to fight recklessly!
A jelly is nearby!
You are too injured to fight recklessly!
A jelly is nearby!
A red film seems to cover your vision as you go berserk!
You feel yourself moving faster!
You feel mighty! The jelly hits you but does no damage.
You hit the jelly. The acid corrodes you!
Your hands burn!
* * * LOW HITPOINT WARNING * * *
The jelly is lightly wounded.
The jelly hits you.
* * * LOW HITPOINT WARNING * * *
You are splashed with acid.
You die...

#<.# #..#######
#..#.....######
#.#........#....
#.............# .#
#.#†#.#..#.#†###..#
#.#.#.#...........#
# #........)....#.#
#.#......@###.#
#........J.......
...............$.>#
#.#.###.#......#.##
#... ........#.# #
#....##.####.#..
#.. #.# .# .. #.#
.# ..#


You could see a jelly.

Vanquished Creatures
  A gnoll (D:1)
  An adder (D:2)
  A dart slug (D:2)
  A ball python (D:1)
  3 bats (D:1)
  3 endoplasms (D:1)
  A giant cockroach (D:1)
  A goblin (D:1)
  4 hobgoblins
  2 jackals (D:1)
  A kobold (D:2)
  A quokka (D:1)
  A frilled lizard (D:1)
  4 rats (D:1)
25 creatures vanquished.

Vanquished Creatures (others)
  4 plants (D:1)
4 creatures vanquished.

Grand Total: 29 creatures vanquished

Notes
Turn   | Place    | Note
-------+----------+-------------------------------------------
     0 | D:1      | cbfl8 the Gargoyle Berserker began the quest for the Orb.
     0 | D:1      | Reached XP level 1. HP: 14/14 MP: 1/1
   175 | D:1      | Reached XP level 2. HP: 19/19 MP: 2/2
   422 | D:1      | Reached XP level 3. HP: 24/24 MP: 3/3
   944 | D:2      | Reached skill level 4 in Fighting
  1221 | D:2      | Splashed by a jelly's acid

Illustrated notes

Levels and vault maps discovered:
D:1:      lightli_molten_gateway, layout_loops_ring, nicolae_grassy_gnolls
D:2:      layout_basic, minmay_hedge_maze

Skill      XL: |  1  2  3 |
---------------+----------+-----
Fighting       | 4 |  4.0
Maces & Flails | |  3.7
Armour         | |  2.4
Dodging        | |  1.5
Evocations     | |  0.7

Action                   || total
-------------------------++-------
Melee: Mace              ||    79
Invok: Berserk           ||     2
  Use: Scroll            ||     1
Armor: Scale mail        ||    43
Dodge: Dodged            ||    61
